Map: Orbital Shipyard

Players

LilDicky

  • Race: Terran Terran
  • League: Diamond

Solaris - Winner!

  • Race: Zerg Zerg
  • League: Diamond

VOD

http://www.twitch.tv/tumescentpie

Description

Time

  • Played on: Dec. 20, 2015, 2:18 p.m.
  • Length: 13:48
Show
View Real Time Build Order
Export as new Build Order

LilDicky Terran 

Build Orders: Command Center First (CC) 

Get SALT Encoding   

  12  0:02  SCV  
  13  0:14  SCV  
  13  0:19  Supply Depot  
  14  0:26  SCV  
  15  0:40  SCV  
  16  0:56  Command Center  
  16  1:03  SCV  
  17  1:16  Barracks  
  18  1:18  SCV  
  18  1:31  SCV  
  19  1:43  SCV  
  20  1:55  SCV  
  20  1:56  Command Center  
  21  2:11  Marine  
  21  2:12  Supply Depot  
  21  2:13  Orbital Command  
  22  2:25  Orbital Command  
  22  2:27  Refinery  
  22  2:29  Refinery  
  22  2:34  Marine  
  23  2:42  Barracks  
  23  2:46  SCV  
  24  2:56  Marine  
  25  3:00  SCV  
  25  3:05  SCV  
  27  3:09  Orbital Command  
  27  3:13  Barracks  
  27  3:15  Reaper  
  27  3:32  Marine  
  28  3:40  Barracks  
  28  3:44  SCV  
  29  3:56  Barracks Tech Lab  
  29  3:59  Barracks  
  29  4:02  Barracks Tech Lab  
  29  4:07  Barracks Reactor  
  29  4:09  Supply Depot  
  29  4:11  SCV x2  
  31  4:21  Barracks  
  31  4:22  Barracks  
  31  4:25  Barracks  
  31  4:27  Marine x2  
  31  4:30  SCV  
  33  4:39  Supply Depot  
  33  4:42  SCV  
  33  4:44  Marine  
  33  4:45  Marine  
  36  4:47  Marine x2  
  36  4:48  Barracks Reactor  
  36  4:50  Factory  
  38  4:54  Supply Depot  
  38  4:57  SCV x2  
  38  4:58  SCV  
  41  5:02  Marine x2  
  41  5:05  Marine x2  
  45  5:09  SCV  
  41  5:15  Marine x3  
  41  5:20  Marine  
  39  5:27  Marine x3  
  33  5:35  Marine x2  
  26  5:36  Marine x2  
  26  5:39  Marine x2  
  22  5:44  Marine  
  22  5:45  Marine x2  
    6:44  Orbital Command  
    7:05  Orbital Command  
    7:16  Orbital Command  
    8:15  SCV  
    8:18  SCV  
  2  8:24  Widow Mine  
  4  8:45  Starport  
  4  8:50  Command Center  
  4  9:05  Command Center  
  3  9:28  Orbital Command  
  3  9:31  SCV  
  3  10:01  Command Center  
  3  10:02  SCV  
  1  10:37  SCV  
  1  11:16  Command Center  
  1  11:17  SCV  
  1  11:43  Command Center  
Show
View Real Time Build Order
Export as new Build Order

Solaris Zerg - Winner!

Build Orders: Hatch First 

Get SALT Encoding   

  12  0:01  Drone  
  13  0:09  Drone  
  14  0:17  Overlord  
  14  0:26  Drone, Extractor  
  15  0:36  Drone x2  
  17  1:05  Hatchery  
  17  1:09  Spawning Pool  
  17  1:11  Extractor  
  14  1:20  Drone x3  
  17  1:39  Overlord  
  17  1:55  Queen  
  17  1:58  Zergling x4  
  21  2:04  Drone  
  22  2:15  Metabolic Boost  
  22  2:29  Queen  
  24  2:33  Queen  
  24  2:35  Drone x4  
  30  2:40  Drone  
  31  2:53  Overlord  
  31  3:04  Roach Warren  
  30  3:09  Drone x3  
  30  3:10  Drone x2  
  34  3:32  Drone x4  
  34  3:34  Overlord x2  
  38  3:47  Roach x3  
  44  3:50  Overlord  
  44  3:51  Overlord  
  44  3:55  Roach x2  
  48  4:03  Zergling x2  
  48  4:04  Zergling x4  
  48  4:07  Zergling x2  
  52  4:12  Roach x3  
  58  4:19  Zergling x2  
  59  4:29  Zergling x8  
  59  4:31  Zergling x2  
  64  4:34  Zergling x2  
  65  4:42  Zergling x2  
  66  4:45  Lair  
  66  4:46  Zergling x2  
  67  5:01  Zergling x2  
  67  5:03  Overlord x2  
  65  5:11  Zergling x6  
  65  5:12  Zergling x6  
  65  5:13  Zergling x2  
  67  5:20  Zergling x2  
  66  5:26  Zergling x2  
  58  5:40  Extractor  
  58  5:41  Extractor x2  
  58  5:42  Drone x5  
  55  6:07  Spire  
  54  6:24  Drone x3  
  57  6:43  Hatchery  
  56  6:50  Drone x4  
  56  6:51  Overlord x3  
  60  6:58  Hatchery  
  59  7:20  Mutalisk  
  59  7:21  Mutalisk x7  
  75  7:28  Mutalisk  
  77  7:33  Drone  
  77  7:34  Drone x2  
  80  7:39  Mutalisk, Drone  
  80  7:41  Extractor  
  82  7:45  Extractor  
  81  7:53  Mutalisk  
  81  7:57  Drone x5  
  81  7:58  Drone x2  
  90  8:07  Pneumatized Carapace  
  90  8:09  Drone x3  
  93  8:17  Mutalisk x2  
  93  8:18  Drone  
  98  8:20  Drone x3  
  98  8:21  Drone  
  98  8:24  Extractor  
  98  8:25  Extractor  
  100  8:40  Mutalisk x2  
  105  8:41  Drone  
  105  8:52  Mutalisk x2  
  109  8:59  Mutalisk  
  109  9:00  Drone  
  109  9:02  Mutalisk  
  114  9:12  Mutalisk x2  
  118  9:23  Drone x2  
  120  9:36  Overlord  
  120  9:37  Overlord x3  
  120  9:51  Overlord x5  
  120  10:00  Mutalisk x2  
  124  10:26  Mutalisk x6, Drone  
  124  10:27  Mutalisk  
  139  10:41  Mutalisk x2  
  143  11:07  Mutalisk x4  
  143  11:08  Mutalisk x5  
  161  11:12  Mutalisk  
  163  11:22  Mutalisk x3  
  163  11:24  Zergling x2  
  170  11:32  Mutalisk  
  170  11:33  Drone  
  170  11:34  Mutalisk  
  175  12:02  Mutalisk x3  
  175  12:03  Mutalisk x5  
  191  12:18  Overlord x4  
  191  12:49  Mutalisk x4  
Tags
 
Add a new tag
Caveats
  • Supply blocks, unpowered buildings, or Contaminate may cause inaccurate times.
  • Supply counts are checked every 10 seconds.